 Dungeon Crawl Stone Soup version 0.29-a0-25-g7f48f510a0 (webtiles) character file.

Game seed: 1776327952436774160

364 HallandMoats the Skirmisher (level 6, 0/39 HPs)
             Began as a Gargoyle Fighter on Jan 31, 2022.
             Was a Believer of Okawaru.
             Slain by an adder (4 damage)
             ... in a sewer.
             The game lasted 00:03:22 (2368 turns).

HallandMoats the Skirmisher (Gargoyle Fighter)      Turns: 2368, Time: 00:03:23

Health: 0/39       AC: 11    Str: 19    XL:     6   Next: 67%
Magic:  8/8        EV:  9    Int:  9    God:    Okawaru [**....]
Gold:   136        SH:  4    Dex: 11    Spells: 5/5 levels left

rFire   . . .      SeeInvis .   a - +0 war axe
rCold   . . .      Faith    .   c - +0 buckler
rNeg    + + .      Spirit   .   b - +0 scale mail
rPois   ∞          Reflect  .   (no helmet)
rElec   +          Harm     .   (no cloak)
rCorr   .          Rampage  .   (no gloves)
Will    .....                   (no boots)
Stlth   ..........              (no amulet)
HPRegen 0.13/turn               j - ring of positive energy
MPRegen 0.11/turn               (no ring)

@: mighty
A: sickness immunity, AC +4, negative energy resistance 1, electricity
resistance, torment resistance 1, petrification resistance
a: Renounce Religion, Heroism


You were in a sewer.
You worshipped Okawaru.
Okawaru was pleased with you.
You visited 1 branch of the dungeon, and saw 3 of its levels.
You also visited: Sewer.

You collected 136 gold pieces.

Inventory:

Hand Weapons
 a - a +0 war axe (weapon)
Armour
 b - a +0 scale mail (worn)
 c - a +0 buckler (worn)
Jewellery
 j - a ring of positive energy (left hand)
Scrolls
 f - a scroll of brand weapon {unknown}
 g - a scroll of vulnerability {unknown}
 i - a scroll of noise {unknown}
Potions
 e - 2 potions of curing
 h - a potion of magic {unknown}


   Skills:
 * Level 4.6 Fighting
 * Level 3.2 Axes
 + Level 4.1 Armour
 + Level 1.4 Dodging
 + Level 4.0 Shields
 * Level 3.1 Invocations


You had 5 spell levels left.
You didn't know any spells.
Your spell library contained the following spells:

 Spells                   Type           Power      Damage    Failure   Level
 Inner Flame              Hex/Fire       0%         N/A       99%         3
 Cause Fear               Hex            0%         N/A       100%        4
 Discord                  Hex            0%         N/A       100%        8


Dungeon Overview and Level Annotations

Branches:
Dungeon (3/15)              Sewer (1/1)

Altars:
Gozag
Okawaru


Innate Abilities, Weirdness & Mutations

You are immune to sickness and miasma.
Your stone body is resilient. (AC +4)
You are immune to poison.
You resist negative energy. (rN+)
You are resistant to electric shocks. (rElec)
You are resistant to unholy torment.
You are immune to petrification.


Message History

You closely miss the adder. x2; You slash the adder!
The adder barely misses you. The adder closely misses you.
The adder bites you but does no damage. x2; The adder closely misses you.
You miss the adder.
The adder is severely wounded.
You miss the adder. You barely miss the adder. The adder bites you.
The adder closely misses you. The adder barely misses you.
The adder bites you but does no damage. The adder closely misses you.
Unknown command.
You slash the adder!
The adder is almost dead.
You miss the adder. You completely miss the adder. The adder bites you.
* * * LOW HITPOINT WARNING * * *
The adder bites you but does no damage. You block the adder's attack.
The adder bites you.
* * * LOW HITPOINT WARNING * * *
The adder bites you but does no damage.
You miss the adder.
The adder is almost dead.
You miss the adder. You closely miss the adder. The adder barely misses you.
You block the adder's attack. The adder bites you but does no damage.
You block the adder's attack. The adder barely misses you.
Unknown command.
You closely miss the adder. You miss the adder. You closely miss the adder.
The adder bites you.
* * * LOW HITPOINT WARNING * * *
The adder closely misses you. x2; The adder bites you but does no damage. x2
Unknown command.
You barely miss the adder. x2; You slash the adder!
You kill the adder!
Okawaru accepts your kill. The adder bites you.
* * * LOW HITPOINT WARNING * * *
The adder bites you but does no damage. The adder barely misses you.
You block the adder's attack.
You slash the adder!
You kill the adder!
Okawaru accepts your kill.
You closely miss the adder. The adder bites you.
You die...

≈≈≈≈≈# ≈≈≈≈# #≈≈≈# ###### #≈≈.#
#....# #≈≈.#
#####++#####'†#####≈≈≈#
#∩.............†.≈≈≈≈≈# #≈≈≈#
#∩....†@.......†≈.≈≈≈.# #≈≈≈#
#####'S#####''#####≈≈†# #≈≈≈#
#... #....# #≈≈.# #≈≈≈# ####
###### #≈≈≈#
##≈≈≈#######################≈≈≈##
.≈≈.≈≈≈≈.≈≈≈.≈.≈≈≈≈≈≈≈≈≈≈..≈≈≈≈≈≈
≈≈≈≈≈≈≈≈≈≈≈≈≈≈≈≈≈≈≈≈≈≈≈≈≈≈≈≈≈≈≈≈≈
≈.≈≈≈≈≈≈.≈..≈≈≈.≈≈≈≈≈.≈≈.≈≈.≈≈≈≈≈
#################################


You could see an adder.

Vanquished Creatures
  Sigmund (D:2)
  Jessica (D:2)
  4 gnolls (D:2)
  5 adders
  5 river rats
  4 worms
  A dart slug (D:1)
  5 orcs (D:3)
  4 endoplasms
  5 giant cockroaches
  4 goblins
  3 hobgoblins
  A jackal (Sewer)
  2 quokkas
  A ball python (D:3)
  9 bats
  A kobold (D:2)
  5 rats
61 creatures vanquished.

Notes
Turn   | Place    | Note
-------+----------+-------------------------------------------
     0 | D:1      | HallandMoats the Gargoyle Fighter began the quest for the
                  | Orb.
     0 | D:1      | Reached XP level 1. HP: 14/14 MP: 1/1
    50 | D:1      | Found a faded altar of an unknown god.
    66 | D:1      | Prayed at the altar of an unknown god.
    66 | D:1      | Became a worshipper of Warmaster Okawaru
    66 | D:1      | Reached * piety under Okawaru
   114 | D:1      | Reached XP level 2. HP: 19/19 MP: 2/2
   613 | D:2      | Reached skill level 1 in Invocations
   613 | D:2      | Reached XP level 3. HP: 23/23 MP: 3/3
  1025 | D:2      | Found an opulent altar of Gozag.
  1171 | D:2      | Reached XP level 4. HP: 23/29 MP: 5/5
  1309 | D:2      | Noticed Jessica
  1320 | D:2      | Killed Jessica
  1596 | D:2      | Noticed Sigmund
  1616 | D:2      | Killed Sigmund
  1616 | D:2      | Reached ** piety under Okawaru
  1617 | D:2      | Reached skill level 1 in Dodging
  1617 | D:2      | Reached XP level 5. HP: 15/34 MP: 5/7
  1617 | D:2      | Reached XP level 6. HP: 18/39 MP: 5/8
  2073 | D:3      | Found a glowing drain.
  2122 | Sewer    | Entered a sewer
  2368 | Sewer    | Slain by an adder

Illustrated notes

Levels and vault maps discovered:
D:1:      minmay_arrival_radiant_lines, layout_rooms,
          ebering_ecumenical_altar_webs, chequers_jeans
D:2:      layout_basic, basic_altar, serial_glass, glass_columns_c,
          glass_columns_c, uniq_sigmund, uniq_jessica
D:3:      layout_basic, gup_sewer_entry_bubbles, uniq_crazy_yiuf_cottage,
          uniq_natasha
Sewer:    sewer_fruit_machine

Skill      XL: |  1  2  3  4  5  6 |
---------------+-------------------+-----
Axes           | 2 3 |  3.2
Invocations    | 1 2 3 |  3.1
Fighting       | 4 |  4.6
Dodging        | 1 |  1.4
Shields        | 4 |  4.0
Armour         | 4 |  4.1

Action                   |  1- 3 |  4- 6 || total
-------------------------+-------+-------++-------
Melee: War axe           |    64 |   130 ||   194
  Use: Potion            |       |     2 ||     2
Armor: Scale mail        |    36 |    81 ||   117
Dodge: Dodged            |    36 |    68 ||   104
Block: Buckler           |    14 |    20 ||    34

Table legend: (Time is in decaauts)
 A = Elapsed time spent in this place.
 B = Non-inter-level travel time spent in this place.
 C = Inter-level travel time spent in this place.
 D = Time resting spent in this place.
 E = Time spent auto-exploring this place.
 F = Levels seen in this place.
 G = Mean time per level.
                   A        B        C        D        E       F      G
               +--------+--------+--------+--------+--------+-----+--------+
         Total |   2486 |   2426 |     60 |     69 |   1787 |   4 |  621.5 |
       Dungeon |   2197 |   2137 |     60 |     69 |   1647 |   3 |  732.3 |
         Sewer |    288 |    288 |      0 |      0 |    140 |   1 |  288.0 |
               +--------+--------+--------+--------+--------+-----+--------+

Top non-repeatable levels by time:
     D:2: 1437 daAuts
     D:1: 502 daAuts
   Sewer: 288 daAuts
     D:3: 257 daAuts
